 Dungeon Crawl Stone Soup version 0.29-a0-885-gb26ba3297d (webtiles) character file.

Game seed: 18422580462942717505

68 mathmaestro the Grave Robber (level 4, 33/33 HPs)
             Began as a Demonspawn Necromancer on July 20, 2022.
             Quit the game on level 3 of the Dungeon.
             The game lasted 00:05:39 (2682 turns).

mathmaestro the Grave Robber (DsNe)                 Turns: 2682, Time: 00:05:40

Health: 33/33      AC:  8    Str:  8    XL:     4   Next: 1%
Magic:  3/8        EV: 12    Int: 19    God:
Gold:   168        SH:  0    Dex: 13    Spells: 4/8 levels left

rFire   . . .      SeeInvis +   f - +0 short sword
rCold   . . .      Faith    .   (no shield)
rNeg    . . .      Spirit   .   a - +0 robe
rPois   .          Reflect  .   q - +0 helmet
rElec   .          Harm     .   v - scarf {+Inv}
rCorr   .          Rampage  .   (no gloves)
Will    .....                   i - +2 pair of boots
Stlth   ++........              (no amulet)
HPRegen 0.11/turn               p - ring of see invisible
MPRegen 0.11/turn               (no ring)

@: no status effects
A: yellow scales 1, ignite blood 1
a: Evoke Invisibility


You were on level 3 of the Dungeon.
You visited 1 branch of the dungeon, and saw 3 of its levels.

You collected 168 gold pieces.

Inventory:

Hand Weapons
 f - a +0 short sword (weapon)
 j - a +0 hand axe
Missiles
 o - 6 boomerangs
Armour
 a - a +0 robe (worn)
 i - a +2 pair of boots (worn)
 q - a +0 helmet (worn)
 v - a scarf of invisibility (worn)
Jewellery
 p - a ring of see invisible (left hand)
Scrolls
 c - 2 scrolls of poison {unknown}
 g - a scroll of fear {unknown}
 k - 2 scrolls of teleportation {unknown}
 m - a scroll of blinking {unknown}
 n - a scroll of amnesia {unknown}
 r - 2 scrolls of vulnerability {unknown}
 s - 2 scrolls of enchant weapon {unknown}
Potions
 b - 2 potions of magic
 d - 2 potions of haste {unknown}
 e - 3 potions of brilliance {unknown}
 h - 2 potions of flight {unknown}
 l - a potion of might {unknown}
 t - a potion of ambrosia {unknown}
 u - a potion of resistance {unknown}
 w - a potion of curing {unknown}


   Skills:
 + Level 1.8 Fighting
 - Level 2.0 Dodging
 - Level 2.0 Stealth
 + Level 2.7 Spellcasting
 + Level 4.9 Necromancy


You had 4 spell levels left.
You knew the following spells:

 Your Spells              Type           Power      Damage    Failure   Level
a - Necrotise             Necr           84%        1d8       1%          1
b - Vampiric Draining     Necr           21%        2d7       6%          3

Your spell library contained the following spells:

 Spells                   Type           Power      Damage    Failure   Level
 Animate Dead             Necr           21%        N/A       21%         4
 Fulminant Prism          Conj/Hex       1%         3d6       83%         4
 Iskenderun's Mystic Bla  Conj/Tloc      2%         2d3       83%         4
 Agony                    Necr           21%        N/A       50%         5
 Lee's Rapid Deconstruct  Erth           1%         3d5*      99%         5


Dungeon Overview and Level Annotations

Branches:
Dungeon (3/15)

Altars:


Innate Abilities, Weirdness & Mutations

You are partially covered in yellow scales. (AC +2)
Your demonic aura sometimes causes spilled blood to erupt in flames.


Message History

Press: ? - help, Shift-Dir - straight line, f - kobold
Aim: a kobold, wielding a +0 whip and quivering poisoned darts (ally target, chance to affect: 89%)
The kobold writhes in agony!
You kill the kobold!
The dead are walking!
The orc shouts!
A worm comes into view.
Casting: Necrotise (safe; 2% risk of failure)
Confirm with . or Enter, or press ? or * to list all spells.
Aiming: Necrotise (safe; 2% risk of failure)
Press: ? - help, Shift-Dir - straight line, f - orc
Aim: an orc, wielding a +0 club and quivering boomerangs (ally target, chance to affect: 89%)
The orc writhes in agony.
Unknown command.
The orc barely misses your frilled lizard skeleton.
Your frilled lizard skeleton bites the orc.
Things that are here:
a +0 whip; 6 poisoned darts The orc throws a boomerang.
The boomerang hits your frilled lizard skeleton.
Casting: Necrotise (safe; 2% risk of failure)
Confirm with . or Enter, or press ? or * to list all spells.
Aiming: Necrotise (safe; 2% risk of failure)
Press: ? - help, Shift-Dir - straight line, f/p - orc
Aim: an orc, wielding a +0 club and quivering boomerangs (moderately wounded, ally target, chance to affect: 89%)
Okay, then.
Your frilled lizard skeleton closely misses the orc.
Your kobold skeleton hits the orc.
Casting: Necrotise (safe; 2% risk of failure)
Confirm with . or Enter, or press ? or * to list all spells.
Aiming: Necrotise (safe; 2% risk of failure)
Press: ? - help, Shift-Dir - straight line, f/p - orc
Aim: an orc, wielding a +0 club and quivering boomerangs (heavily wounded, not watching you, ally target, chance to affect: 89%)
The orc writhes in agony!
You kill the orc!
The dead are walking!
Something bites your orc skeleton.
You have reached level 4!
You feel clever.
Your demonic ancestry asserts itself...
Your blood heats up.
Are you sure you want to abandon this character and quit the game? (Confirm with "yes".)

#......#
####...#
#...# #...#
#...# #
#...####.##
#..).......
#..ZZ).Z...
###@####.##
#.# # #.#
#.# ... #..
#.# #.#


You could see a friendly frilled lizard skeleton, a friendly kobold skeleton and
a friendly orc skeleton.

Vanquished Creatures
  A worm (D:2)
  A dart slug (D:2)
  An orc (D:3)
  7 bats
  6 endoplasms
  3 giant cockroaches (D:1)
  5 goblins (D:2)
  3 hobgoblins
  7 jackals
  3 ball pythons
  4 frilled lizards
  7 kobolds
  5 rats
53 creatures vanquished.

Vanquished Creatures (collateral kills)
  A ball python (D:1)
  A bat (D:1)
2 creatures vanquished.

Grand Total: 55 creatures vanquished

Notes
Turn   | Place    | Note
-------+----------+-------------------------------------------
     0 | D:1      | mathmaestro the Demonspawn Necromancer began the quest for
                  | the Orb.
     0 | D:1      | Reached XP level 1. HP: 13/13 MP: 3/3
   335 | D:1      | Gained mutation: You are partially covered in yellow
                  | scales. (AC +2) [demonic ancestry]
   335 | D:1      | Reached XP level 2. HP: 20/20 MP: 1/5
   956 | D:1      | Reached skill level 1 in Fighting
  1282 | D:2      | Reached XP level 3. HP: 19/26 MP: 0/6
  1287 | D:2      | Learned a level 3 spell: Vampiric Draining
  2682 | D:3      | Gained mutation: Your demonic aura sometimes causes spilled
                  | blood to erupt in flames. [demonic ancestry]
  2682 | D:3      | Reached XP level 4. HP: 33/33 MP: 3/8
  2682 | D:3      | Quit the game

Illustrated notes

Levels and vault maps discovered:
D:1:      minmay_arrival_nine_rooms, layout_basic, minmay_heptomino_w4
D:2:      layout_basic
D:3:      layout_loops_ring, lemuel_doored_altar, kennysheep_crisscross,
          uniq_jessica

Skill      XL: |  1  2 |
---------------+-------+-----
Stealth        | 2 |  2.0
Dodging        | 2 |  2.0
Fighting       | 1 |  1.8
Spellcasting   | |  2.7
Necromancy     | |  4.9

Action                   |  1- 3 |  4- 6 || total
-------------------------+-------+-------++-------
Melee: Short sword       |    50 |       ||    50
 Cast: Necrotise         |    80 |       ||    80
 Stab: Distracted        |     1 |       ||     1
Armor: Robe              |    35 |       ||    35
Dodge: Dodged            |    50 |       ||    50

Table legend: (Time is in decaauts)
 A = Elapsed time spent in this place.
 B = Non-inter-level travel time spent in this place.
 C = Inter-level travel time spent in this place.
 D = Time resting spent in this place.
 E = Time spent auto-exploring this place.
 F = Levels seen in this place.
 G = Mean time per level.
                   A        B        C        D        E       F      G
               +--------+--------+--------+--------+--------+-----+--------+
         Total |   2685 |   2599 |     86 |    252 |   1930 |   3 |  895.0 |
       Dungeon |   2685 |   2599 |     86 |    252 |   1930 |   3 |  895.0 |
               +--------+--------+--------+--------+--------+-----+--------+

Top non-repeatable levels by time:
     D:2: 1366 daAuts
     D:1: 1198 daAuts
     D:3: 120 daAuts
